 Dungeon Crawl Stone Soup version v3.33-hellcrawl-189-gd9da4bb (webtiles) character file.

80622193 tatters the Acrobat (level 27, 50/184 HPs)
             Began as a Tengu Wanderer on Oct 28, 2017.
             Was a High Priest of Okawaru.
             Escaped with the Orb
             ... and 7 runes on Oct 29, 2017!
             The game lasted 06:44:32 (54773 turns).

tatters the Acrobat (Tengu Wanderer)               Turns: 54773, Time: 06:44:33

Health: 50/184     AC: 49 (39%)Str: 21  XL:     27
Magic:  8/20       EV: 37    Int: 11    God:    Okawaru [5*[136]]
Gold:   5545       SH: 10    Dex: 20    Spells: 0/40 levels left

rFire    + . .     SeeInvis +   a - +2 battleaxe (freeze)
rCold    + + .     Faith    .   (shield currently unavailable)
rNeg     + . .     Spirit   .   P - +6 pearl dragon scales
rPois    +         Reflect  .   R - +2 hat {MR+}
rElec    +                      C - +1 cloak
rCorr    +                      o - +3 pair of gauntlets of War {Slay+5}
MR       +++..                  (boots unavailable)
Stlth    ++++++++..             Z - amulet of regeneration
Regen    1.3/turn               x - ring of ice
MPRegen  0.3/turn               (no ring)

@: mighty, resistant, heroism, flying quickly and evasively, very slightly
contaminated, regenerating, repel missiles, invisible, corpse armour, quick
A: beak, talons 3, see invisible, weak, able to fly 2
0: Orb of Zot
}: 7/15 runes: serpentine, slimy, silver, demonic, glowing, magical, fiery
a: Stop Flying, End Regeneration, End Aura of Abjuration, End Cigotuvi's
Embrace, Stop Repelling Missiles, Heroism, Finesse, Renounce Religion


You were on level 0 of Cocytus.
You worshipped Okawaru.
Okawaru was extremely pleased with you.
You were not hungry.

You visited 9 branches of the dungeon, and saw 43 of its levels.
You visited Pandemonium 1 time, and saw 5 of its levels.
You also visited: Elven Halls.

You collected 8494 gold pieces.
You spent 2949 gold pieces at shops.

Inventory:

Hand Weapons
 a - a +2 battleaxe of freezing (weapon)
 s - a +5 arbalest of freezing
 w - the +6 arbalest "Vufisur" {penet, Int+4 Dex+4}
   (Okawaru gifted it to you on level 3 of the Snake Pit)

   Ammo fired by it will pass through the targets it hits, potentially hitting
   all targets in its path until it reaches maximum range.
   It affects your intelligence (+4).
   It affects your dexterity (+4).
 J - a +8 arbalest of freezing
Missiles
 p - 26 curare darts (quivered)
Armour
 o - the +3 pair of gauntlets of War (worn) {Slay+5}
   (Okawaru gifted it to you on level 3 of Cocytus)

   It affects your accuracy and damage with ranged weapons and melee attacks
   (+5).
 C - a +1 cloak (worn)
 P - +6 pearl dragon scales (worn)
 R - a +2 hat of magic resistance (worn)
 X - a +2 pair of gloves of archery
Magical Staves
 b - an uncursed staff of wizardry
Jewellery
 d - the ring "Hidiloh" {rPois Int+4 SInv}
   (You took it off a deep elf blademaster in the Elven Halls)

   [ring of poison resistance]

   It affects your intelligence (+4).
   It protects you from poison.
   It lets you see invisible.
 f - the amulet of Yppiesi {Spirit rElec rPois Int-4 Dex+5}
   (You found it on level 3 of the Vaults)

   [amulet of guardian spirit]

   It causes incoming damage to be split between your health and magic.
   It affects your intelligence (-4).
   It affects your dexterity (+5).
   It insulates you from electricity.
   It protects you from poison.
 i - a +3 ring of slaying {=R}
 x - a ring of ice (left hand)
 A - the ring "Huelom" {Ice -Tele MR+ Dex+4}
   (You took it off a vault guard on level 3 of the Vaults)

   [ring of ice]

   It enhances your ice magic.
   It affects your dexterity (+4).
   It protects you from cold.
   It affects your resistance to hostile enchantments.
   It prevents most forms of teleportation.
 D - the ring "Irrof" {Fire rN+ Int+3 Dex-2}
   (You found it on level 1 of the Depths)

   [ring of fire]

   It enhances your fire magic.
   It affects your intelligence (+3).
   It affects your dexterity (-2).
   It protects you from fire.
   It protects you from negative energy.
 F - the ring "Ruypret" {AC+3 Str-4 Dex+4}
   (You found it in the Elven Halls)

   [ring of protection]

   It affects your AC (+3).
   It affects your strength (-4).
   It affects your dexterity (+4).
 V - an uncursed ring of resist corrosion
 Z - an amulet of regeneration (around neck)
Wands
 c - a wand of confusion (9)
 H - a wand of digging (2)
 Q - a wand of enslavement (8)
 U - a wand of disintegration (5)
 W - a wand of iceblast (20)
Scrolls
 k - 4 scrolls of blinking
 m - 8 scrolls of magic mapping
 q - 4 scrolls of fog
 t - 6 scrolls of fear
 u - 10 scrolls of immolation
 y - 2 scrolls of teleportation
 G - 3 scrolls of silence
 L - 2 scrolls of vulnerability
Potions
 g - 9 potions of augmentation
 l - 6 potions of cancellation
 z - 2 potions of invisibility
 B - 9 potions of lignification
 E - 2 potions of magic
 I - a potion of resistance
 K - 17 potions of curing
 N - 3 potions of mutation
 Y - a potion of ambrosia
Miscellaneous
 h - a phial of floods
 n - a fan of gales
 v - a lamp of fire
 O - a phantom mirror
 S - 2 sacks of spiders
 T - a box of beasts


   Skills:
 - Level 22.0(27) Fighting
 + Level 8.6(13.6) Axes
 - Level 18.2(23.2) Crossbows
 - Level 1.0(6.0) Throwing
 - Level 22.0(27) Armour
 - Level 23.0(27) Dodging
 - Level 15.7(20.7) Stealth
 - Level 7.1 Spellcasting
 - Level 1.2 Charms
 - Level 12.3 Summonings
 - Level 15.0 Necromancy
 - Level 11.0 Translocations
 - Level 1.1 Transmutations
 - Level 12.9 Air Magic
 - Level 1.0 Earth Magic
 - Level 12.6 Invocations
 - Level 15.5 Evocations


You couldn't memorise any spells.
You knew the following spells:

 Your Spells              Type           Power        Failure   Level  Hunger
a - Repel Missiles        Chrm/Air       19 (100)     2%          2    ##.....
b - Swiftness             Chrm/Air       19 (100)     2%          2    ##.....
c - Blink                 Tloc           N/A          1%          2    ##.....
d - Cigotuvi's Embrace    Necr           36 (200)     1%          5    ######.
e - Passwall              Tmut/Erth      6 (200)      28%         2    ##.....
f - Regeneration          Chrm/Necr      21 (200)     3%          3    ###....
g - Vampiric Draining     Necr           36 (200)     1%          3    ###....
h - Summon Butterflies    Summ           31 (100)     1%          1    None
i - Aura of Abjuration    Summ           31 (200)     4%          5    ######.
j - Passage of Golubria   Tloc           N/A          3%          4    ####...
k - Sublimation of Blood  Necr           36 (200)     1%          2    ##.....
l - Airstrike             Air            32 (200)     1%          4    ####...
m - Summon Demon          Summ           31 (200)     4%          5    ######.


Dungeon Overview and Level Annotations

Branches:
Dungeon (15/15) Snake (3/3) Orc:2 Slime (4/4) Orc:2 Vaults:3 Orc (2/2) D:15 Vaults (3/3) D:15 Snake:3 Depths (3/3) D:15 Slime:4 Vaults:3 Hell (1/1) Coc (7/7) Hell Zot (5/5) Depths:3 Swamp: Orc:2 Shoals: Orc:2 Dis: Hell:1 Geh: Hell:1 Tar: Hell:1

Altars:
Cheibriados
Dithmenos
Elyvilon
Gozag
Hepliaklqana
Kikubaaqudgha
Makhleb
Nemelex Xobeh
Okawaru
Qazlal
Ru
Sif Muna
Trog
Uskayaw
Vehumet
Xom
Yredelemnul
Zin
The Shining One
Jiyva

Shops:
D:10 *   D:12 *   D:13 *   D:15 [   Orc:2 =*==   Snake:3 =   Vaults:2 (
Depths:1 ?:

Portals:
Hell: Zot:5
Pandemonium: Depths:2 Depths:3

Annotations:
D:12 Azrael
D:13 1 exclusion
Hell Lom Lobon
Coc:7 exclusion: 3 ice statues, Antaeus, Serpent of
Hell
Zot:5 1 exclusion


Innate Abilities, Weirdness & Mutations

You have a beak for a mouth.
You have claws for feet.
You can fly continuously.
You have supernaturally acute eyesight. (SInv)
You are weak. (Str -5)


Message History

Unknown command.
Unknown command.
The Ice Fiend is lost in a daze.
Your skeletal warrior hits the Ice Fiend from afar with a +0 halberd (11)!
Your skeletal warrior hits the Ice Fiend with a +0 scimitar (18)!!
Your skeletal warrior hits the Ice Fiend with a +0 flail (6).
There is a staircase leading out of the dungeon, spattered with blood here.
You see here a +0 battleaxe of freezing.
Unknown command.
You can't go down here!
A rune of Zot still resides in this realm, and once you leave you can never return.
Are you sure you want to leave? (Confirm with "yes".)
The Ice Fiend claws your skeletal warrior (15)!
The Ice Fiend freezes your skeletal warrior (25)!!
Your skeletal warrior resists.
Your skeletal warrior is destroyed!
Your skeletal warrior hits the Ice Fiend with a +0 quarterstaff (16)!
The Ice Fiend dies!
Okawaru accepts your kill.
Your life force feels restored.
You have escaped!

≈≈≈≈≈≈≈≈≈≈≈≈#***,................
≈≈≈≈≈≈≈≈≈≈##***,,.........1......
≈≈≈≈≈≈≈≈*** **,,,.######.........
≈≈≈≈≈**** ***,,,,** #####^......#
****** ***,,,,,** #≈≈≈##....###
***,,,,,***####≈≈≈≈≈≈≈###
*******,,,,,,**###z#≈≈#≈≈≈≈##****
,,,,,,,,,,,,** #..zzzz###≈##**,,*
≈,,,,,,,,**** #@.Wz4z# ###,,,,,*
≈≈≈,,,,,,,*** #Cz..zZ# **,,,,,**
≈≈≈≈,,,,,,,,** ##$$$4$# *,,,,,**
≈≈≈≈≈,,,,,,,,** #$})### *,,,,,,**
≈≈≈≈≈≈≈≈,,,,,,**##### *,,,,,,,+
≈≈≈≈≈≈≈≈≈≈,,,,,* *,,,,,,**
≈≈≈≈≈≈≈≈≈≈≈≈≈,,** **,,,,***
,≈≈≈≈≈≈≈≈≈≈≈≈≈≈≈*** ********
≈≈≈≈≈≈≈≈≈≈≈≈≈≈≈≈≈≈** ******≈≈≈


You could see a friendly frost giant, 9 friendly skeletal warriors, 2 friendly
ice devils, a friendly freezing wraith and a friendly ettin zombie.

Vanquished Creatures
  A pandemonium lord (Hell)
  Dissolution (Slime:3)
  the Royal Jelly (Slime:4)
  A seraph (Pan)
  Mnoleg (Pan)
  4 orbs of fire (Zot:5)
  A juggernaut (Depths:2)
  Mara (Vaults:3)
  9 ancient liches
  4 Killer Klowns
  Margery (Depths:1)
  2 cool robins
  Saint Roka (Snake:3)
  4 diesel robins
  2 curse toes
  Geryon (Hell)
  3 THE GIAGGOSTUONOs (Zot:3)
  An acid robin (Zot:2)
  6 golden dragons
  A bone dragon (Depths:3)
  7 antimatter elves
  2 pearl dragons (Pan)
  12 giant giants
  5 zotbots
  3 electric golems
  3 Brimstone Fiends
  3 ghost robins (Zot:3)
  4 liches
  29 Orb Guardians
  2 deep elf blademasters (Elf)
  2 quicksilver dragons
  Jorgrun (Depths:1)
  Asterion (Snake:3)
  2 titans (Vaults:3)
  2 deep elf master archers (Elf)
  3 subtractor snakes
  2 iron trolls (Hell)
  15 Executioners
  An eldritch tentacle (Pan)
  5 tentacled monstrosities
  17 death cobs
  2 sphinxes (Vaults:3)
  20 acid blobs
  7 tengu reavers
  8 Orb Childs
  2 ancient champions
  8 greater nagas
  8 storm dragons
  14 shadow dragons
  Donald (Vaults:3)
  13 daevas (Pan)
  5 plutonium crabs
  14 azure jellies
  11 fire giants
  7 deep elf sorcerers
  3 ghost moths
  A deep elf elementalist (Elf)
  13 frost giants
  14 balrugs (Pan)
  2 orc warlords
  A warmonger (Pan)
  Aizul (Snake:1)
  Louise (Snake:3)
  3 curse skulls
  15 ironheart preservers
  11 cacodemons
  8 vault wardens
  14 angels (Pan)
  A revenant (Depths:2)
  11 very ugly things
  11 stone giants
  3 war gargoyles
  A blood saint (Pan)
  5 reapers
  4 mutatatotots
  20 apis (Pan)
  12 ophanim (Pan)
  4 vampire knights
  10 deep elf demonologists (Elf)
  9 deep elf annihilators
  A lorocyproca (Hell)
  9 ettins
  A quicksilver dragon zombie (Coc:7)
  6 blizzard demons
  8 deep elf death magi
  4 death oozes
  5 jiangshi
  5 green deaths (Pan)
  A mummy priest (Depths:1)
  35 vault guards
  3 deep elf high priests
  4 hydras
  11 yaktaur captains
  5 ogre magi
  A quicksilver dragon skeleton (Coc:1)
  A fire dragon (Zot:2)
  10 great orbs of eyes
  2 rakshasas
  Erolcha (Orc:1)
  14 naga warriors
  7 ice dragons
  2 hell beasts (Hell)
  A death knight (D:15)
  3 anacondas
  13 centaur warriors
  3 eidola
  21 two-headed ogres
  A dancing weapon (Vaults:3)
  A hell hog (Hell)
  A tengu warrior (D:15)
  3 vampire magi
  2 deep troll shamans
  4 deep troll earth magi
  2 spriggan berserkers
  17 naga sharpshooters
  5 soul eaters
  8 orc high priests
  5 shock serpents
  Nergalle (Orc:1)
  3 deep elf knights
  29 sun demons
  11 sixfirhies
  2 salamander mystics
  A titan skeleton (Coc:3)
  14 skeletal warriors
  9 cherubim (Pan)
  3 shadow wraiths (Pan)
  8 hell knights
  2 flayed ghosts
  8 deep trolls
  9 naga ritualists
  7 deep elf archers
  2 swamp dragons (Zot:2)
  A glowing orange brain (Depths:3)
  A gelid demonspawn (Pan)
  A golden dragon zombie (Coc:7)
  A golden dragon skeleton (Depths:2)
  9 necromancers
  5 phantasmal warriors
  7 ironbrand convokers
  8 mana vipers
  8 wizards
  8 orc knights
  4 frost giant zombies
  33 zotlings
  A fire giant zombie (Vaults:3)
  4 shining eyes
  6 cyclopes
  2 hornets (Vaults:2)
  An iron dragon zombie (Hell)
  5 orc sorcerers
  A hornet (shapeshifter) (Vaults:2)
  A stone giant zombie (Coc:3)
  21 deep elf magi
  21 moths of wrath
  11 draconians (Zot:2)
  8 ugly things
  3 manticores
  12 salamanders
  A shining eye (shapeshifter) (Vaults:3)
  3 frost giant skeletons
  3 stone giant skeletons
  22 black mambas
  A toenail golem (Hell)
  7 rust devils
  An ice statue (Coc:7)
  4 guardian serpents
  2 iron dragon skeletons
  3 eyes of devastation
  Psyche (D:11)
  11 orange demons
  14 smoke demons
  11 vault sentinels
  A gargoyle (D:13)
  18 naga magi
  A torpor snail (D:14)
  13 hellions
  6 spiny frogs
  A spiny frog (shapeshifter) (D:15)
  3 yaktaur zombies
  An efreet (D:13)
  A redback zombie (D:13)
  12 yaktaurs
  8 demonic crawlers
  6 ice devils (Coc:7)
  7 freezing wraiths
  8 hellwings
  An elf skeleton (Vaults:3)
  3 hydra zombies
  4 tormentors
  A tengu simulacrum (Depths:2)
  A jumping spider (shapeshifter) (Vaults:2)
  13 trolls
  A fire dragon zombie (Coc:3)
  A wind drake (shapeshifter) (D:14)
  A frost giant simulacrum (Vaults:3)
  86 slime creatures
  A deep troll skeleton (Depths:1)
  Sigmund (D:6)
  A ynoxinul (Pan)
  2 shadows
  2 tarantellas (shapeshifter)
  3 vampires
  A redback (D:14)
  14 yaks
  2 spriggans (shapeshifter) (D:15)
  12 water elementals (Coc:7)
  A dire elephant simulacrum (Coc:7)
  An ettin skeleton (Depths:1)
  8 wyverns
  A spriggan simulacrum (Depths:2)
  24 golden eyes
  A black mamba skeleton (D:11)
  13 neqoxecs
  A steam dragon (shapeshifter) (Vaults:3)
  An angry ghost (D:8)
  13 large abominations (Pan)
  5 chaos spawn
  10 wargs
  A swamp worm (shapeshifter) (Vaults:3)
  A yaktaur simulacrum (Depths:1)
  30 nagas
  3 water moccasins
  An acid dragon (D:15)
  A water moccasin (shapeshifter) (Vaults:1)
  A hydra simulacrum (Coc:3)
  A spiny frog zombie (Coc:1)
  4 floating eyes
  2 spiny frog skeletons
  An ettin simulacrum (Depths:1)
  65 orc warriors
  A black bear (shapeshifter) (D:14)
  3 ice beasts
  A wasp (D:12)
  2 black bears
  A blink frog zombie (D:11)
  16 centaurs
  3 eyes of draining
  32 ogres
  9 boggarts
  A human skeleton (Vaults:2)
  A snapping turtle skeleton (Pan)
  4 human zombies
  2 bullfrogs
  2 wyvern zombies
  2 glowing shapeshifter simulacra
  A scorpion (D:4)
  6 wyvern skeletons
  A water moccasin skeleton (D:6)
  13 killer bees
  9 wights
  An electric eel (D:14)
  7 crimson imps
  2 howler monkeys
  5 centaur zombies
  4 quasits
  8 hounds
  A jelly (D:13)
  41 orc priests
  An iron imp (Hell)
  27 orc wizards
  4 centaur skeletons
  2 gnoll shamans
  Jessica (D:3)
  2 worker ants
  3 iguanas
  A killer bee zombie (D:9)
  A hound skeleton (D:5)
  A worker ant zombie (D:5)
  12 adders
  18 gnolls
  9 white imps
  4 dart slugs
  127 orcs
  7 quokkas
  5 bats
  3 giant cockroaches
  3 goblins
  8 hobgoblins
  7 frilled lizards
  7 kobolds
  10 rats
  4 fire vortices (Pan)
  A fungus (D:12)
1941 creatures vanquished.

Vanquished Creatures (collateral kills)
  2 Ice Fiends (Coc:7)
  A tengu warrior (D:15)
  A zotling (Zot:2)
  2 moths of wrath (Zot:2)
  A shadow dragon skeleton (Coc:7)
  An emperor scorpion zombie (Coc:3)
  2 ice devils (Coc:7)
  2 slime creatures (D:14)
12 creatures vanquished.

Vanquished Creatures (others)
  Cerebov (Pan)
  A lich (Hell)
  A reaper (Coc:7)
  3 rakshasas (Hell)
  A spriggan air mage (Hell)
  A centaur warrior (D:15)
  A hell hog (Hell)
  A wizard (Pan)
  A draconian (Zot:2)
  A black mamba (Snake:3)
  2 smoke demons (Hell)
  A tormentor (Coc:7)
  2 hellwings (Hell)
  2 centaurs
  2 crimson imps (Hell)
  An iron imp (Hell)
  4 ball lightnings (Pan)
  An orc (D:15)
  4 blocks of ice
  A bush (D:12)
  27 fungi
  15 plants
74 creatures vanquished.

Grand Total: 2027 creatures vanquished

Notes
Turn   | Place    | Note
-------+----------+-------------------------------------------
     0 | D:1      | tatters the Tengu Wanderer began the quest for the Orb.
     0 | D:1      | tatters set off with: a +2 hand crossbow, 228 bolts, a +0 ring mail, a potion of lignification
     0 | D:1      | Reached XP level 1. HP: 14/14 MP: 2/2
   255 | D:1      | Reached XP level 2. HP: 19/19 MP: 3/3
   679 | D:2      | Reached XP level 3. HP: 23/23 MP: 4/4
   768 | D:2      | Found an iron altar of Okawaru.
   777 | D:2      | Became a worshipper of Warmaster Okawaru
   819 | D:2      | Found a sacrificial altar of Ru.
   879 | D:2      | Reached XP level 4. HP: 21/28 MP: 5/5
  1346 | D:2      | Reached skill level 5 in Crossbows
  1411 | D:2      | Gained mutation: You can fly. [Tengu growth]
  1411 | D:2      | Reached XP level 5. HP: 32/32 MP: 6/6
  1581 | D:2      | Found a bloodstained altar of Trog.
  1670 | D:2      | Found a burning altar of Makhleb.
  2015 | D:3      | Noticed Jessica
  2018 | D:3      | Killed Jessica
  2018 | D:3      | Reached XP level 6. HP: 37/37 MP: 7/7
  2144 | D:3      | Found a glowing golden altar of the Shining One.
  2201 | D:3      | Found a faded altar of an unknown god.
  2343 | D:3      | Reached * piety under Okawaru
  2517 | D:3      | Found a sparkling altar of Nemelex Xobeh.
  2811 | D:4      | Found a shadowy altar of Dithmenos.
  2881 | D:4      | Reached XP level 7. HP: 41/41 MP: 8/8
  2920 | D:4      | Reached skill level 1 in Invocations
  3301 | D:4      | Found a basalt altar of Yredelemnul.
  3301 | D:4      | Found an opulent altar of Gozag.
  3322 | D:4      | Reached ** piety under Okawaru
  3425 | D:4      | Found a hide-covered altar of Uskayaw.
  3432 | D:4      | Found an ancient bone altar of Kikubaaqudgha.
  3569 | D:5      | Entered Level 5 of the Dungeon
  3850 | D:5      | Found a snail-covered altar of Cheibriados.
  3873 | D:5      | Reached XP level 8. HP: 46/46 MP: 11/11
  4240 | D:5      | Reached skill level 2 in Dodging
  4263 | D:5      | Reached skill level 3 in Dodging
  4459 | D:5      | Reached skill level 4 in Dodging
  4479 | D:5      | Found a deep blue altar of Sif Muna.
  4647 | D:5      | Reached skill level 5 in Dodging
  4770 | D:5      | Found a hazy altar of Hepliaklqana.
  4921 | D:6      | Found a glowing silver altar of Zin.
  4985 | D:6      | Reached skill level 6 in Dodging
  5098 | D:6      | Reached XP level 9. HP: 51/51 MP: 12/12
  5130 | D:6      | Found a radiant altar of Vehumet.
  5191 | D:6      | Noticed Sigmund
  5195 | D:6      | Killed Sigmund
  5209 | D:6      | Found a stormy altar of Qazlal.
  5222 | D:6      | Got the +8 war axe "Eviscerator" {chop, rPois rN+ MR+ Int-3}
  5275 | D:6      | Found a shimmering altar of Xom.
  5403 | D:7      | Reached *** piety under Okawaru
  5534 | D:7      | Found a white marble altar of Elyvilon.
  5570 | D:7      | Reached skill level 7 in Dodging
  6227 | D:8      | Got the +8 rapier of Instinct {pierce, rC- Int+3}
  6327 | D:8      | Reached skill level 10 in Crossbows
  6352 | D:8      | Reached skill level 5 in Fighting
  6885 | D:8      | Noticed a two-headed ogre
  6905 | D:8      | Killed a two-headed ogre
  6905 | D:8      | Reached **** piety under Okawaru
  6905 | D:8      | Reached XP level 10. HP: 34/59 MP: 10/13
  7591 | D:8      | Noticed a two-headed ogre
  7717 | D:8      | Killed a two-headed ogre
  7717 | D:8      | Reached ***** piety under Okawaru
  7743 | D:8      | Received a gift from Okawaru
  8583 | D:9      | Reached skill level 10 in Armour
  8991 | D:9      | Noticed a spiny frog
  8995 | D:9      | Killed a spiny frog
  8995 | D:9      | Received a gift from Okawaru
  8996 | D:9      | Got the -4 shield "Wopp" {rPois}
  9113 | D:9      | Noticed a spiny frog
  9124 | D:9      | Killed a spiny frog
  9124 | D:9      | Reached XP level 11. HP: 38/64 MP: 14/14
  9655 | D:10     | Entered Level 10 of the Dungeon
  9673 | D:10     | Reached skill level 8 in Dodging
 10034 | D:10     | Found Geilot's Assorted Antiques.
 10157 | D:10     | Reached skill level 9 in Dodging
 10535 | D:11     | Noticed a salamander
 10535 | D:11     | a troll changed into a salamander
 10583 | D:11     | Killed a salamander
 10713 | D:11     | Noticed Psyche
 10719 | D:11     | Killed Psyche
 10959 | D:11     | Reached skill level 10 in Dodging
 11002 | D:11     | Noticed a cyclops
 11009 | D:11     | Killed a cyclops
 11604 | D:11     | Noticed a cyclops
 11626 | D:11     | Killed a cyclops
 11626 | D:11     | Reached skill level 5 in Invocations
 11739 | D:12     | Reached skill level 11 in Dodging
 11849 | D:12     | Noticed an orc high priest
 11875 | D:12     | Killed an orc high priest
 11875 | D:12     | Reached XP level 12. HP: 50/69 MP: 15/17
 12057 | D:12     | Noticed Snorg
 12062 | D:12     | Noticed Snorg
 12062 | D:12     | Snorg changed into Snorg the lindwurm
 12100 | D:12     | Noticed Snorg
 12100 | D:12     | Snorg the lindwurm changed into Snorg the eye of devastation
 12181 | D:12     | Killed Snorg the eye of devastation
 12243 | D:12     | Noticed a two-headed ogre
 12320 | D:12     | Killed a two-headed ogre
 12320 | D:12     | Reached skill level 12 in Dodging
 12465 | D:12     | Found Heig Mih's General Store.
 12476 | D:12     | Noticed Azrael
 12580 | D:12     | Received a gift from Okawaru
 12671 | D:12     | Bought a potion of heal wounds for 75 gold pieces
 13336 | D:13     | Reached skill level 13 in Dodging
 13692 | D:13     | Found a hide-covered altar of Uskayaw.
 13728 | D:13     | Noticed a two-headed ogre
 13735 | D:13     | Killed a two-headed ogre
 13735 | D:13     | Received a gift from Okawaru
 13771 | D:13     | Noticed a yaktaur captain
 13788 | D:13     | Noticed a six-headed hydra
 13799 | D:13     | Killed a six-headed hydra
 13819 | D:13     | Noticed an ettin
 13822 | D:13     | Killed a yaktaur captain
 13964 | D:13     | Killed an ettin
 14059 | D:13     | Found Xeduq's Assorted Antiques.
 14072 | D:13     | Noticed an orc high priest
 14092 | D:13     | Received a gift from Okawaru
 14175 | D:13     | Noticed a rakshasa
 14232 | D:13     | Noticed an ogre mage
 14245 | D:13     | Killed an ogre mage
 14245 | D:13     | Reached skill level 1 in Evocations
 14245 | D:13     | Reached XP level 13. HP: 35/80 MP: 18/18
 14545 | D:13     | Received a gift from Okawaru
 14647 | D:13     | Bought a scroll of teleportation for 102 gold pieces
 14647 | D:13     | Bought a scroll of fear for 119 gold pieces
 15116 | D:14     | Learned a level 2 spell: Repel Missiles
 15190 | D:14     | Reached skill level 1 in Air Magic
 15267 | D:14     | HP: 3/80 [deep elf mage/bolt of lightning (16)]
 15278 | D:14     | HP: 4/80 [deep elf mage/bolt of lightning (27)]
 15282 | D:14     | Reached skill level 1 in Charms
 15853 | D:14     | Noticed a frost giant
 15899 | D:14     | Killed a frost giant
 16014 | D:15     | Entered Level 15 of the Dungeon
 16047 | D:15     | Gained mutation: You can fly continuously. [Tengu growth]
 16047 | D:15     | Reached XP level 14. HP: 77/86 MP: 16/16
 16049 | D:15     | Received a gift from Okawaru
 16083 | D:15     | Reached skill level 10 in Fighting
 16099 | D:15     | Received a gift from Okawaru
 16410 | D:15     | Found a staircase to the Orcish Mines.
 16503 | D:15     | Received a gift from Okawaru
 16803 | D:15     | Found Piwkiceaxt's Antique Armour Emporium.
 17013 | D:15     | Reached skill level 14 in Dodging
 17036 | D:15     | Received a gift from Okawaru
 17053 | D:15     | Got the +1 triple crossbow of Rerhil {penet, *Slow rN++ Dex+6 SInv}
 17123 | D:15     | Found a gate to the Vaults.
 17181 | D:15     | Reached skill level 15 in Dodging
 17537 | D:15     | Received a gift from Okawaru
 17585 | D:15     | Found a staircase to the Depths.
 17632 | Orc:1    | Entered Level 1 of the Orcish Mines
 17646 | Orc:1    | Noticed Erolcha
 17646 | Orc:1    | Noticed Nergalle
 17662 | Orc:1    | Killed Nergalle
 17662 | Orc:1    | Received a gift from Okawaru
 17663 | Orc:1    | Killed Erolcha
 17873 | Orc:1    | Reached XP level 15. HP: 87/94 MP: 17/17
 18019 | Orc:1    | Noticed an orc warlord
 18050 | Orc:1    | Killed an orc warlord
 18241 | Orc:2    | Entered Level 2 of the Orcish Mines
 18558 | Orc:2    | Found Kiuf's General Store.
 18608 | Orc:2    | Bought a scroll of fog for 26 gold pieces
 18614 | Orc:2    | Found Hirylotu's Jewellery Boutique.
 18903 | Orc:2    | Found a staircase to the Slime Pits.
 19331 | Orc:2    | Found a staircase to the Snake Pit.
 19529 | Orc:2    | Received a gift from Okawaru
 19541 | Orc:2    | Noticed an orc warlord
 19619 | Orc:2    | Killed an orc warlord
 19725 | Orc:2    | Found Bethao's Jewellery Shoppe.
 19905 | Orc:2    | Found Dexoah's Jewellery Boutique.
 20090 | Orc:2    | Bought a potion of cancellation for 104 gold pieces
 20090 | Orc:2    | Bought a potion of lignification for 39 gold pieces
 20090 | Orc:2    | Bought a potion of augmentation for 65 gold pieces
 20090 | Orc:2    | Bought a potion of haste for 130 gold pieces
 20090 | Orc:2    | Bought a potion of curing for 39 gold pieces
 20153 | Snake:1  | Entered Level 1 of the Snake Pit
 20273 | Snake:1  | Reached skill level 16 in Dodging
 20453 | Snake:1  | Noticed a greater naga
 20487 | Snake:1  | Killed a greater naga
 20874 | Snake:1  | Noticed Aizul
 20894 | Snake:1  | Killed Aizul
 20906 | Snake:1  | HP: 4/98 [poisoned by Aizul (bolt of poison)]
 20911 | Snake:1  | HP: 3/98 [poisoned by Aizul (bolt of poison)]
 20915 | Snake:1  | HP: 1/98 [poisoned by Aizul (bolt of poison)]
 20920 | Snake:1  | HP: 1/98 [poisoned by Aizul (bolt of poison)]
 20927 | Snake:1  | HP: 3/98 [poisoned by Aizul (bolt of poison)]
 21230 | Snake:1  | Reached XP level 16. HP: 91/104 MP: 19/19
 21231 | Snake:1  | Received a gift from Okawaru
 21242 | Snake:1  | Got the +4 robe of Wixofuso {-Tele rF+++ Dex+8}
 21459 | Snake:1  | Reached skill level 15 in Crossbows
 23187 | Snake:3  | Entered Level 3 of the Snake Pit
 23187 | Snake:3  | Noticed a greater naga
 23193 | Snake:3  | Noticed a greater naga
 23214 | Snake:3  | Killed a greater naga
 23219 | Snake:3  | Killed a greater naga
 23425 | Snake:3  | Noticed Saint Roka
 23446 | Snake:3  | Killed Saint Roka
 23446 | Snake:3  | Received a gift from Okawaru
 24014 | Snake:3  | Received a gift from Okawaru
 24029 | Snake:3  | Found Zulismem's Jewellery Shop.
 24097 | Snake:3  | Noticed a greater naga
 24103 | Snake:3  | Killed a greater naga
 24103 | Snake:3  | Received a gift from Okawaru
 24103 | Snake:3  | Reached XP level 17. HP: 108/108 MP: 24/24
 24424 | Snake:3  | Noticed Asterion
 24437 | Snake:3  | Killed Asterion
 24744 | Snake:3  | Noticed Louise
 24767 | Snake:3  | Killed Louise
 25295 | Snake:3  | Received a gift from Okawaru
 25297 | Snake:3  | Got the +6 arbalest "Vufisur" {penet, Int+4 Dex+4}
 26122 | Snake:3  | Found a gate to the Vaults.
 26130 | Snake:3  | Got a serpentine rune of Zot
 26132 | Vaults:1 | Entered Level 1 of the Vaults
 26137 | Vaults:1 | Reached skill level 5 in Evocations
 26144 | Vaults:1 | Learned a level 2 spell: Swiftness
 26252 | Vaults:1 | Received a gift from Okawaru
 26508 | Vaults:1 | Reached skill level 10 in Invocations
 27696 | Vaults:2 | Received a gift from Okawaru
 27753 | Vaults:2 | Reached ****** piety under Okawaru
 27834 | Vaults:2 | Reached XP level 18. HP: 117/117 MP: 24/24
 27902 | Vaults:2 | Learned a level 2 spell: Blink
 28112 | Vaults:2 | Reached skill level 15 in Fighting
 28112 | Vaults:2 | Reached skill level 1 in Translocations
 28154 | Vaults:2 | Reached skill level 17 in Dodging
 28589 | Vaults:2 | Found Piakoar's Antique Weapon Boutique.
 29069 | Vaults:3 | Entered Level 3 of the Vaults
 29119 | Vaults:3 | Reached skill level 5 in Stealth
 29131 | Vaults:3 | Received a gift from Okawaru
 29146 | Vaults:3 | Reached skill level 1 in Spellcasting
 29162 | Vaults:3 | Reached XP level 19. HP: 82/127 MP: 24/24
 29382 | Vaults:3 | Got the amulet of Yppiesi {Spirit rElec rPois Int-4 Dex+5}
 29395 | Vaults:3 | Got a silver rune of Zot
 29862 | Vaults:3 | Received a gift from Okawaru
 30027 | Vaults:3 | Noticed Donald
 30039 | Vaults:3 | Killed Donald
 30082 | Vaults:3 | Received a gift from Okawaru
 30124 | Vaults:3 | Found a staircase to the Slime Pits.
 30125 | Vaults:3 | Found a staircase to the Depths.
 30150 | Vaults:3 | Noticed a lich
 30160 | Vaults:3 | Killed a lich
 30443 | Vaults:3 | Reached XP level 20. HP: 116/139 MP: 25/25
 30528 | Vaults:3 | Got the ring "Huelom" {Ice -Tele MR+ Dex+4}
 30601 | Vaults:3 | Noticed Mara
 30614 | Vaults:3 | Reached skill level 18 in Dodging
 30643 | Vaults:3 | Killed Mara
 30685 | Vaults:3 | Reached skill level 1 in Necromancy
 30709 | Vaults:3 | Received a gift from Okawaru
 31067 | Vaults:3 | Reached skill level 5 in Necromancy
 31730 | Vaults:3 | Reached skill level 10 in Necromancy
 31818 | Vaults:3 | Received a gift from Okawaru
 31830 | Vaults:3 | Got the +6 scale mail of Poonnuacs {rElec rPois rN+ MR- Stlth-}
 31849 | Vaults:3 | Learned a level 5 spell: Cigotuvi's Embrace
 31851 | Slime:1  | Entered Level 1 of the Pits of Slime
 31947 | Slime:1  | Received a gift from Okawaru
 31967 | Slime:1  | Gained mutation: Your body sometimes deteriorates upon taking damage. [a shining eye]
 32483 | Slime:2  | Gained mutation: You are clumsy. (Dex -5) [a shining eye]
 32487 | Slime:2  | Gained mutation: Scrolls take you a little longer to read. [a shining eye]
 32810 | Slime:3  | Noticed Dissolution
 32826 | Slime:3  | Killed Dissolution
 32826 | Slime:3  | Reached XP level 21. HP: 40/144 MP: 17/22
 33055 | Slime:3  | Reached skill level 15 in Necromancy
 33445 | Slime:4  | Entered Level 4 of the Pits of Slime
 33540 | Slime:4  | Reached skill level 19 in Dodging
 33982 | Slime:4  | Found a viscous altar of Jiyva.
 34004 | Slime:4  | Received a gift from Okawaru
 34238 | Slime:4  | Noticed the Royal Jelly
 34246 | Slime:4  | Found a staircase to the Depths.
 34295 | Slime:4  | Killed the Royal Jelly
 34295 | Slime:4  | Reached skill level 20 in Dodging
 34395 | Slime:4  | Got the amulet "Uhiogad" {Faith rPois SInv}
 34417 | Slime:4  | Learned a level 2 spell: Passwall
 34433 | Slime:4  | Learned a level 3 spell: Regeneration
 34533 | Slime:4  | Got a slimy rune of Zot
 34611 | Slime:4  | Got the +0 leather armour of the Spheres {MR++ Regen+ Str+3 Int+2 Dex-3}
 34618 | Depths:1 | Entered Level 1 of the Depths
 34631 | Depths:1 | Found Syoxyczu's Magic Scroll Shop.
 34717 | Depths:1 | Noticed Margery
 34767 | Depths:1 | Found Xonurchaxya's Book Emporium.
 34833 | Depths:1 | Noticed Jorgrun
 34838 | Depths:1 | Killed Jorgrun
 34849 | Depths:1 | Found a portal to the Elven Halls.
 34858 | Elf      | Entered the Elven Halls
 34920 | Elf      | Received a gift from Okawaru
 34924 | Elf      | Reached XP level 22. HP: 146/150 MP: 20/20
 34935 | Elf      | Received a gift from Okawaru
 35199 | Elf      | Got Olaob's Incunabulum of Ice and Earth
 35346 | Elf      | Got the ring "Hidiloh" {rPois Int+4 SInv}
 35399 | Elf      | Got the ring "Ruypret" {AC+3 Str-4 Dex+4}
 35722 | Depths:1 | Killed Margery
 35722 | Depths:1 | Reached skill level 1 in Transmutations
 35722 | Depths:1 | Reached skill level 1 in Earth Magic
 35761 | Depths:1 | Bought a manual of Dodging for 1214 gold pieces
 35939 | Depths:1 | Got the ring "Irrof" {Fire rN+ Int+3 Dex-2}
 36220 | Depths:1 | Bought a scroll of magic mapping for 45 gold pieces
 36220 | Depths:1 | Bought a scroll of fog for 26 gold pieces
 36220 | Depths:1 | Bought a scroll of fear for 45 gold pieces
 36220 | Depths:1 | Bought a scroll of magic mapping for 45 gold pieces
 36220 | Depths:1 | Bought a scroll of holy word for 97 gold pieces
 36220 | Depths:1 | Bought a scroll of brand weapon for 260 gold pieces
 36220 | Depths:1 | Bought a scroll of magic mapping for 45 gold pieces
 36220 | Depths:1 | Bought a scroll of blinking for 97 gold pieces
 36220 | Depths:1 | Bought a scroll of teleportation for 39 gold pieces
 36220 | Depths:1 | Bought 3 scrolls of blinking for 292 gold pieces
 36220 | Depths:1 | Bought a scroll of immolation for 45 gold pieces
 36255 | Depths:2 | Received a gift from Okawaru
 36334 | Depths:2 | Reached skill level 21 in Dodging
 36521 | Depths:2 | Received a gift from Okawaru
 36590 | Depths:2 | Found a one-way gate leading to the halls of Pandemonium.
 36600 | Depths:2 | Gained mutation: Your body often deteriorates upon taking damage. [a cacodemon]
 36845 | Depths:2 | Reached skill level 22 in Dodging
 37072 | Depths:2 | Noticed a juggernaut
 37202 | Depths:2 | Killed a juggernaut
 37263 | Depths:2 | Reached skill level 23 in Dodging
 37648 | Depths:3 | Entered Level 3 of the Depths
 37939 | Depths:3 | Found a gate to the Realm of Zot.
 38211 | Depths:3 | Reached XP level 23. HP: 156/156 MP: 21/21
 39093 | Pan      | Entered the realm of Gloorx Vloq.
 39093 | Pan      | Entered Pandemonium
 39260 | Pan      | Received a gift from Okawaru
 39707 | Pan      | Received a gift from Okawaru
 40169 | Pan      | Reached skill level 15 in Armour
 40180 | Pan      | Noticed Gloorx Vloq
 40285 | Pan      | Entered the realm of Lom Lobon.
 40393 | Pan      | Received a gift from Okawaru
 40678 | Pan      | Received a gift from Okawaru
 41066 | Pan      | Received a gift from Okawaru
 41156 | Pan      | Noticed Lom Lobon
 41211 | Pan      | Got a magical rune of Zot
 41349 | Pan      | Entered the realm of Cerebov.
 41526 | Pan      | Reached XP level 24. HP: 135/163 MP: 10/18
 42318 | Pan      | Noticed Cerebov
 42347 | Pan      | Lost mutation: You are clumsy. (Dex -5) [potion of mutation]
 42347 | Pan      | Lost mutation: Scrolls take you a little longer to read. [potion of mutation]
 42347 | Pan      | Gained mutation: Scrolls take you a little longer to read. [potion of mutation]
 42347 | Pan      | Gained mutation: You expend magic power (3 MP) to strengthen your wands. [potion of mutation]
 42347 | Pan      | Gained mutation: You have sharp fingernails. [potion of mutation]
 42348 | Pan      | Lost mutation: You expend magic power (3 MP) to strengthen your wands. [potion of mutation]
 42348 | Pan      | Lost mutation: Scrolls take you a little longer to read. [potion of mutation]
 42348 | Pan      | Lost mutation: Your body often deteriorates upon taking damage. [potion of mutation]
 42348 | Pan      | Lost mutation: You have sharp fingernails. [potion of mutation]
 42348 | Pan      | Lost mutation: Your body sometimes deteriorates upon taking damage. [potion of mutation]
 42348 | Pan      | Gained mutation: You have supernaturally acute eyesight. (SInv) [potion of mutation]
 42348 | Pan      | Gained mutation: Your flesh is heat resistant. (rF+) [potion of mutation]
 42348 | Pan      | Gained mutation: Your magical capacity is low. (-10% MP) [potion of mutation]
 42348 | Pan      | Gained mutation: You are robust. (+10% HP) [potion of mutation]
 42742 | Pan      | Killed Cerebov
 43169 | Pan      | Got a fiery rune of Zot
 43474 | Pan      | Entered the realm of Mnoleg.
 43492 | Pan      | Gained mutation: You do not regenerate when monsters are visible. [a cacodemon]
 43520 | Pan      | Noticed Mnoleg
 43553 | Pan      | Killed Mnoleg
 43645 | Pan      | Lost mutation: You are robust. (+10% HP) [a cacodemon]
 43665 | Pan      | Got a glowing rune of Zot
 43717 | Pan      | Received a gift from Okawaru
 43768 | Pan      | Reached XP level 25. HP: 150/168 MP: 13/18
 43775 | Pan      | Noticed a seraph
 43787 | Pan      | Killed a seraph
 43787 | Pan      | Received a gift from Okawaru
 43882 | Pan      | Found a glowing golden altar of the Shining One.
 43891 | Pan      | Got the Tome of the Traveller and Self-Knowledge
 43893 | Pan      | Got A Thorough Guide to Hermeneutics
 43896 | Pan      | Got a demonic rune of Zot
 44032 | Pan      | Received a gift from Okawaru
 44258 | Pan      | Received a gift from Okawaru
 44663 | Pan      | Reached skill level 5 in Spellcasting
 44784 | Pan      | Received a gift from Okawaru
 45212 | Pan      | Found a white marble altar of Elyvilon.
 45280 | Pan      | Reached skill level 5 in Translocations
 45762 | Pan      | Found a glowing silver altar of Zin.
 46058 | Depths:3 | Escaped Pandemonium
 46097 | Depths:3 | Learned a level 3 spell: Vampiric Draining
 46198 | Zot:1    | Entered Level 1 of the Realm of Zot
 46374 | Zot:1    | Reached skill level 10 in Evocations
 46713 | Zot:1    | Received a gift from Okawaru
 46719 | Zot:1    | Reached XP level 26. HP: 174/176 MP: 19/19
 47438 | Zot:2    | Reached skill level 15 in Evocations
 48060 | Zot:2    | Received a gift from Okawaru
 48115 | Zot:2    | Noticed a cool robin
 48267 | Zot:2    | Killed a cool robin
 48395 | Zot:2    | Received a gift from Okawaru
 48516 | Zot:2    | Received a gift from Okawaru
 48787 | Zot:3    | Noticed a Killer Klown
 48795 | Zot:3    | Killed a Killer Klown
 48851 | Zot:3    | Received a gift from Okawaru
 48916 | Zot:3    | Reached skill level 10 in Stealth
 49047 | Zot:3    | Reached XP level 27. HP: 154/182 MP: 19/22
 50469 | Zot:4    | Reached skill level 15 in Stealth
 50515 | Zot:4    | Noticed a Killer Klown
 50531 | Zot:4    | Killed a Killer Klown
 50531 | Zot:4    | Received a gift from Okawaru
 51084 | Zot:4    | Learned a level 1 spell: Summon Butterflies
 51142 | Zot:5    | Entered Level 5 of the Realm of Zot
 51220 | Zot:5    | Received a gift from Okawaru
 51699 | Zot:5    | Reached skill level 1 in Summonings
 51742 | Zot:5    | Noticed an ancient lich
 51748 | Zot:5    | Killed an ancient lich
 51748 | Zot:5    | Reached skill level 5 in Summonings
 51764 | Zot:5    | Learned a level 5 spell: Aura of Abjuration
 51846 | Zot:5    | Noticed an ancient lich
 51856 | Zot:5    | Killed an ancient lich
 51907 | Zot:5    | Noticed an ancient lich
 51914 | Zot:5    | Killed an ancient lich
 51921 | Zot:5    | Reached skill level 10 in Summonings
 51974 | Zot:5    | Noticed an ancient lich
 51977 | Zot:5    | Noticed a Killer Klown
 51979 | Zot:5    | Noticed an ancient lich
 51980 | Zot:5    | Noticed an orb of fire
 51981 | Zot:5    | Noticed an orb of fire
 51981 | Zot:5    | Noticed an ancient lich
 52318 | Zot:5    | Killed an ancient lich
 52443 | Zot:5    | Noticed an orb of fire
 52464 | Zot:5    | Killed an orb of fire
 52472 | Zot:5    | Received a gift from Okawaru
 52489 | Zot:5    | Killed an ancient lich
 52502 | Zot:5    | Killed an ancient lich
 52502 | Zot:5    | Received a gift from Okawaru
 52509 | Zot:5    | Noticed an orb of fire
 52510 | Zot:5    | Gained mutation: You are frail. (-10% HP) [an orb of fire]
 52519 | Zot:5    | Gained mutation: Armour fits poorly on your strangely shaped body. [an orb of fire]
 52532 | Zot:5    | Gained mutation: You are occasionally teleported next to monsters. [an orb of fire]
 52536 | Zot:5    | Killed an orb of fire
 52543 | Zot:5    | Gained mutation: You are weak. (Str -5) [an orb of fire]
 52559 | Zot:5    | Killed an orb of fire
 52572 | Zot:5    | Killed a Killer Klown
 52719 | Zot:5    | Found a gateway to Hell.
 52740 | Zot:5    | Received a gift from Okawaru
 52917 | Zot:5    | Noticed a Killer Klown
 52926 | Zot:5    | Killed a Killer Klown
 52932 | Zot:5    | Learned a level 4 spell: Passage of Golubria
 52939 | Zot:5    | Noticed an ancient lich
 52949 | Zot:5    | Killed an ancient lich
 52961 | Zot:5    | Killed an orb of fire
 52996 | Zot:5    | Noticed an ancient lich
 53001 | Zot:5    | Killed an ancient lich
 53107 | Zot:5    | Got the Orb of Zot
 53113 | Hell     | Entered the Vestibule of Hell
 53113 | Hell     | Noticed Geryon
 53134 | Hell     | Killed Geryon
 53138 | Hell     | Reached skill level 10 in Translocations
 53187 | Hell     | Lost mutation: You are weak. (Str -5) [potion of mutation]
 53187 | Hell     | Lost mutation: Your magical capacity is low. (-10% MP) [potion of mutation]
 53187 | Hell     | Lost mutation: You are frail. (-10% HP) [potion of mutation]
 53187 | Hell     | Lost mutation: Armour fits poorly on your strangely shaped body. [potion of mutation]
 53187 | Hell     | Lost mutation: Your flesh is heat resistant. (rF+) [potion of mutation]
 53187 | Hell     | Gained mutation: You evolve. [potion of mutation]
 53187 | Hell     | Gained mutation: Your flesh is heat resistant. (rF+) [potion of mutation]
 53189 | Hell     | Noticed Lom Lobon
 53192 | Hell     | Lost mutation: You do not regenerate when monsters are visible. [potion of mutation]
 53192 | Hell     | Lost mutation: You are occasionally teleported next to monsters. [potion of mutation]
 53192 | Hell     | Lost mutation: You evolve. [potion of mutation]
 53192 | Hell     | Lost mutation: Your flesh is heat resistant. (rF+) [potion of mutation]
 53192 | Hell     | Gained mutation: You are weak. (Str -5) [potion of mutation]
 53442 | Hell     | Received a gift from Okawaru
 53448 | Hell     | Reached skill level 5 in Air Magic
 53459 | Hell     | Noticed Seadazek the pandemonium lord
 53490 | Hell     | Killed Seadazek the pandemonium lord
 53744 | Hell     | Reached skill level 10 in Air Magic
 53886 | Hell     | Noticed Fyutick the pandemonium lord
 53894 | Hell     | Paralysed by a lich for 2 turns
 53898 | Hell     | Found a gateway to the freezing wastes of Cocytus.
 53899 | Hell     | Noticed Neuhucor the pandemonium lord
 53904 | Coc:1    | Entered Level 1 of Cocytus
 53904 | Coc:1    | Found a gateway to Hell.
 54049 | Coc:3    | Learned a level 2 spell: Sublimation of Blood
 54054 | Coc:3    | Learned a level 4 spell: Airstrike
 54087 | Coc:3    | Noticed an ancient lich
 54119 | Coc:3    | Killed an ancient lich
 54119 | Coc:3    | Received a gift from Okawaru
 54189 | Coc:3    | Noticed Luarriussou the pandemonium lord
 54350 | Coc:4    | Noticed Fieguluc the pandemonium lord
 54429 | Coc:5    | Noticed Ibrosseb the pandemonium lord
 54459 | Coc:7    | Entered Level 7 of Cocytus
 54472 | Coc:7    | Noticed Geotryal the pandemonium lord
 54480 | Coc:7    | Noticed Antaeus
 54556 | Coc:7    | Reached skill level 5 in Axes
 54629 | Coc:7    | Learned a level 5 spell: Summon Demon
 54744 | Coc:7    | Noticed the Serpent of Hell
 54773 | Coc:$    | Escaped with the Orb!

Skill      XL: |  1  2  3  4  5  6  7  8  9 10 11 12 13 14 15 16 17 18 19 20 21 22 23 24 25 26 27 |
---------------+----------------------------------------------------------------------------------+-----
Crossbows      | 2 3 4 5 6 7 8 9 10 11 13 14 18 | 18.2
Invocations    | 3 5 6 7 8 10 12 | 12.6
Dodging        | 6 7 11 13 15 16 17 18 20 23 | 23.0
Fighting       | 5 9 11 13 14 16 19 20 21 22 | 22.0
Armour         | 6 10 11 12 17 20 22 | 22.0
Evocations     | 1 4 5 7 8 12 15 | 15.5
Air Magic      | 3 4 12 | 12.9
Charms         | 1 |  1.2
Translocations | 3 5 7 11 | 11.0
Stealth        | 6 11 15 | 15.7
Spellcasting   | 3 4 5 7 |  7.1
Necromancy     | 14 15 | 15.0
Transmutations | 1 |  1.1
Earth Magic    | 1 |  1.0
Summonings     | 12 | 12.3
Axes           | 8 |  8.6
Throwing       | |  1.0

Action                   |  1- 3 |  4- 6 |  7- 9 | 10-12 | 13-15 | 16-18 | 19-21 | 22-24 | 25-27 || total
-------------------------+-------+-------+-------+-------+-------+-------+-------+-------+-------++-------
Melee: Spear             |    51 |    53 |       |       |       |       |       |       |       ||   104
       Peck              |     4 |     8 |    16 |    39 |    13 |     3 |    10 |    16 |    71 ||   180
       Kick              |     8 |    22 |    28 |    57 |    21 |     6 |    14 |    25 |   124 ||   305
       Dagger            |       |    14 |    67 |       |       |       |       |       |       ||    81
       War axe           |       |       |    64 |   150 |    56 |    11 |    44 |    52 |       ||   377
       Battleaxe         |       |       |       |       |       |       |       |       |   225 ||   225
 Fire: Hand crossbow     |    31 |    77 |   247 |   503 |    81 |       |       |       |       ||   939
       Arbalest          |       |       |       |       |   613 |   780 |   950 |  1225 |  1937 ||  5505
       Triple crossbow   |       |       |       |       |   215 |   131 |       |       |       ||   346
Throw: Javelin           |       |       |       |       |     1 |       |       |       |       ||     1
       Curare dart       |       |       |       |       |       |       |       |       |     4 ||     4
 Cast: Repel Missiles    |       |       |       |       |     1 |     1 |       |     1 |       ||     3
       Blink             |       |       |       |       |       |     1 |     4 |    30 |    36 ||    71
       Swiftness         |       |       |       |       |       |       |     1 |       |     2 ||     3
       Cigotuvi's Embrac |       |       |       |       |       |       |     1 |     1 |       ||     2
       Regeneration      |       |       |       |       |       |       |     1 |     1 |       ||     2
       Summon Demon      |       |       |       |       |       |       |       |       |     7 ||     7
       Summon Butterflie |       |       |       |       |       |       |       |       |     3 ||     3
       Passage of Golubr |       |       |       |       |       |       |       |       |     2 ||     2
       Vampiric Draining |       |       |       |       |       |       |       |       |     1 ||     1
       Aura of Abjuratio |       |       |       |       |       |       |       |       |     1 ||     1
Invok: Heroism           |       |       |     5 |     9 |    14 |     8 |     2 |     4 |    11 ||    53
       Finesse           |       |       |       |     2 |     4 |     7 |     9 |    15 |    18 ||    55
 Abil: Fly               |       |     1 |     5 |    35 |    12 |     1 |     3 |       |     1 ||    58
       Stop Flying       |       |       |       |       |       |     1 |     3 |       |     1 ||     5
Evoke: Wand              |       |       |       |    18 |    17 |     4 |     1 |     6 |    26 ||    72
       Lamp of fire      |       |       |       |       |     1 |     2 |     1 |     1 |       ||     5
       Sack of spiders   |       |       |       |       |       |       |       |     5 |       ||     5
       Fan of gales      |       |       |       |       |       |       |       |     1 |     1 ||     2
       Phial of floods   |       |       |       |       |       |       |       |     1 |     1 ||     2
  Use: Potion            |       |       |     3 |     1 |     2 |     3 |     5 |     7 |    18 ||    39
       Scroll            |       |       |       |     7 |       |     9 |     4 |     6 |    38 ||    64
 Stab: Sleeping          |       |     1 |       |     1 |       |       |       |       |       ||     2
       Invisible         |       |       |       |       |       |       |       |       |     5 ||     5
       Distracted        |       |       |       |       |       |       |       |       |     1 ||     1
Armor: Ring mail         |    14 |    25 |    85 |    80 |    61 |    22 |    54 |    18 |       ||   359
       Skin              |       |       |     1 |       |       |       |       |       |       ||     1
       Plate armour      |       |       |       |       |       |    44 |       |       |       ||    44
       Robe              |       |       |       |       |       |     5 |       |    14 |       ||    19
       Scale mail        |       |       |       |       |       |       |       |    70 |    99 ||   169
       Chain mail        |       |       |       |       |       |       |       |    55 |       ||    55
       Pearl dragon scal |       |       |       |       |       |       |       |       |   401 ||   401
Dodge: Dodged            |    10 |    20 |   103 |   274 |   554 |   354 |   261 |   659 |  1964 ||  4199
       Deflected         |       |       |       |       |     9 |    14 |     9 |    11 |    14 ||    57
Block: Shield            |    15 |    31 |   119 |   177 |       |       |       |       |       ||   342
       Reflection        |       |     2 |     1 |     1 |       |       |       |       |       ||     4
       Other             |       |       |       |       |       |       |    53 |   117 |   394 ||   564
